[Event "Saturday 06 January Rapid Engine Tour 12+1 Rounds 9 Starts 1600 ST"]
[Site "Infinity Chess"]
[Date "2018.1.6"]
[Round "2"]
[White "KhalidOmar"]
[Black "Tiger"]
[Result "1/2-1/2"]
[ECO "D31"]
[WhiteElo "2443"]
[BlackElo "2444"]
[WhiteEngine "Eman 1.60 64-bit BMI2"]
[BlackEngine "BrainFish_171111_x64_bmi2"]
[EventType "Swiss"]
[WhiteTeam ""]
[BlackTeam ""]
[PlyCount "96"]
[TimeControl "720+1"]

1. d4 d5 2. c4 e6 3. Nc3 c6 4. e3 Nf6 5. Nf3 Nbd7 6. Bd3 dxc4 7. Bxc4 b5 
8. Bd3 Bb7 9. O-O a6 10. Ne4 c5 11. Nxc5 Bxc5 12. dxc5 Nxc5 13. Be2 O-O 
14. Qxd8 Raxd8 15. b3 Nd3 16. Nd4 Nxc1 17. Rfxc1 Rc8 18. a4 bxa4 19. bxa4 Rxc1+ 
20. Rxc1 Rc8 21. Rb1 Rc7 22. h4 g6 23. a5 Kg7 24. Rb2 Rc1+ 25. Kh2 Bd5 
26. Rb6 e5 27. Nf3 Rc2 28. Ng1 Ne4 29. f3 Nc3 30. Bxa6 e4 31. Kg3 Ra2 32. Nh3 h6 
33. Nf4 Rxa5 34. Bb7 Bxb7 35. Rxb7 g5 36. hxg5 hxg5 37. Ne6+ Kg6 38. Nd8 exf3 
39. gxf3 Ne2+ 40. Kf2 Ra2 41. Nxf7 Nd4+ 42. Kg3 Nf5+ 43. Kh3 Nxe3 44. Ne5+ Kf5 
45. Rb5 g4+ 46. Nxg4+ Kf4 47. Rb4+ Kxf3 48. Ne5+ Ke2 1/2-1/2

[Event "Saturday 06 January Rapid Engine Tour 12+1 Rounds 9 Starts 1600 ST"]
[Site "Infinity Chess"]
[Date "2018.1.6"]
[Round "2"]
[White "Klaus"]
[Black "MarioDeMonti"]
[Result "1/2-1/2"]
[ECO "C55"]
[WhiteElo "2446"]
[BlackElo "2445"]
[WhiteEngine "asmFishW_2017-11-19_bmi2"]
[BlackEngine "stockfish_x64_bmi2_2017_12_26_CTG"]
[EventType "Swiss"]
[WhiteTeam ""]
[BlackTeam ""]
[PlyCount "138"]
[TimeControl "720+1"]

1. e4 e5 2. Nf3 Nc6 3. Bc4 Nf6 4. d3 Bc5 5. c3 d6 6. O-O a5 7. Bg5 h6 8. Bh4 g5 
9. Bg3 O-O 10. a4 Kg7 11. Na3 Ne7 12. Nc2 Bb6 13. Ne3 Ng6 14. Bb3 Bxe3 
15. fxe3 Nh5 16. Be1 g4 17. Nd2 Nf6 18. c4 b6 19. d4 h5 20. c5 dxc5 21. dxe5 Nh7 
22. Bd5 Rb8 23. Nc4 Qe7 24. Bc3 Be6 25. Nd6 Kg8 26. Nf5 Qg5 27. Qe2 Rbd8 
28. Bc4 h4 29. Ba6 Ra8 30. Bb7 Rab8 31. Bd5 Rbd8 32. Rf4 Rxd5 33. Rxg4 Qh5 
34. Rxg6+ fxg6 35. Ne7+ Kf7 36. Qxh5 gxh5 37. Nxd5 Ng5 38. Nxc7 Bc4 39. Rd1 Kg8 
40. Nd5 Bb3 41. Rc1 Nxe4 42. Nxb6 h3 43. gxh3 Rf7 44. h4 Be6 45. Be1 Bh3 
46. Bg3 Rb7 47. Nd5 Rxb2 48. Nf4 Bg4 49. Be1 Kf7 50. h3 Bd7 51. Ra1 Rb3 
52. Bxa5 Rxe3 53. Be1 Rf3 54. Nxh5 Bc6 55. a5 c4 56. a6 c3 57. a7 Ba8 
58. Kh2 Nd2 59. Bxd2 cxd2 60. Rd1 Rf5 61. e6+ Ke7 62. Rxd2 Rxh5 63. Rd7+ Kxe6 
64. Rd8 Bf3 65. Kg3 Ra5 66. Kxf3 Rxa7 67. h5 Kf6 68. h4 Kg7 69. h6+ Kxh6 1/2-1/2

[Event "Saturday 06 January Rapid Engine Tour 12+1 Rounds 9 Starts 1600 ST"]
[Site "Infinity Chess"]
[Date "2018.1.6"]
[Round "2"]
[White "Eman"]
[Black "Marsell"]
[Result "1/2-1/2"]
[ECO "C77"]
[WhiteElo "2457"]
[BlackElo "2453"]
[WhiteEngine "Eman 1.60 64-bit POPCNT"]
[BlackEngine "asmFishW_2017-12-07_popcnt"]
[EventType "Swiss"]
[WhiteTeam ""]
[BlackTeam ""]
[PlyCount "119"]
[TimeControl "720+1"]

1. e4 e5 2. Nf3 Nc6 3. Bb5 a6 4. Ba4 Nf6 5. O-O Be7 6. Re1 b5 7. Bb3 O-O 
8. h3 Bb7 9. d3 d5 10. exd5 Nxd5 11. Nxe5 Nd4 12. Nc3 Nb4 13. a3 Nxb3 
14. cxb3 f6 15. axb4 fxe5 16. Ne4 Rf7 17. Qc2 Bxb4 18. Bd2 Be7 19. f3 Qd5 
20. Be3 Rd8 21. Red1 Bb4 22. Rac1 a5 23. Bc5 h6 24. Kh2 Ba8 25. Bxb4 axb4 
26. Nc5 Qd6 27. Ne4 Qd4 28. Qc5 Qxb2 29. Qxb5 Rxf3 30. Qxb4 Rf7 31. Rf1 Bxe4 
32. Qxe4 Rxf1 33. Rxf1 Qxb3 34. Qxe5 Qxd3 35. Qxc7 Qxf1 36. Qxd8+ Kh7 
37. Qh4 Kh8 38. Qe4 Qf8 39. Kh1 Qb8 40. Qf5 Qc7 41. Qd5 Kh7 42. Qd1 Qf4 
43. Qb1+ Kg8 44. Qd1 g6 45. Qb1 Kg7 46. Qb7+ Kf8 47. Qc8+ Kg7 48. Qd7+ Kf6 
49. g3 Qxg3 50. Qc6+ Kf5 51. Qc5+ Ke4 52. Qb4+ Kd5 53. Qb5+ Ke6 54. Qe8+ Kf6 
55. Qh8+ Kf5 56. Qf8+ Ke4 57. Qxh6 Qf3+ 58. Kg1 Qd1+ 59. Kh2 Qa1 60. Qd2 1/2-1/2

[Event "Saturday 06 January Rapid Engine Tour 12+1 Rounds 9 Starts 1600 ST"]
[Site "Infinity Chess"]
[Date "2018.1.6"]
[Round "2"]
[White "SkyPilot"]
[Black "incredible"]
[Result "1/2-1/2"]
[ECO "C53"]
[WhiteElo "2473"]
[BlackElo "2485"]
[WhiteEngine "stockfish_x64_bmi2_2018_01_01_CTG"]
[BlackEngine "stockfish_18010422_x64_bmi2"]
[EventType "Swiss"]
[WhiteTeam ""]
[BlackTeam ""]
[PlyCount "126"]
[TimeControl "720+1"]

1. e4 e5 2. Nf3 Nc6 3. Bc4 Bc5 4. c3 Nf6 5. d3 d6 6. O-O Bb6 7. Bg5 h6 8. Bh4 g5 
9. Bg3 O-O 10. Nbd2 g4 11. Nh4 Nh5 12. Bd5 Qg5 13. Nc4 Ne7 14. Nxb6 axb6 
15. Bb3 Kg7 16. d4 Ng6 17. Nxg6 fxg6 18. dxe5 dxe5 19. Qd3 Qe7 20. Rad1 g5 
21. Rd2 Kg6 22. Qc4 Ra5 23. Rfd1 Rc5 24. Qb4 Qf6 25. a3 Qe7 26. Bc2 Qf6 
27. Bb3 Nf4 28. Bxf4 gxf4 29. Bd5 h5 30. f3 Qe7 31. Qa4 Kf6 32. Qc2 Ra5 
33. Bb3 Kg7 34. Kh1 b5 35. Rd5 Ra6 36. Qf2 gxf3 37. gxf3 Rg6 38. Qc5 Re8 
39. Qxe7+ Rxe7 40. h4 Bh3 41. Rg1 Rxg1+ 42. Kxg1 Kf6 43. Kh2 Bd7 44. Rd2 Rg7 
45. Rg2 Rxg2+ 46. Kxg2 Be6 47. Bxe6 Kxe6 48. b3 c6 49. Kf2 b6 50. Ke2 Kf6 
51. Kd3 c5 52. c4 b4 53. axb4 cxb4 54. Kc2 Kf7 55. Kc1 Ke6 56. Kc2 Kd6 
57. Kd2 Kc5 58. Kd3 b5 59. cxb5 Kxb5 60. Kc2 Kc5 61. Kd3 Kb5 62. Kc2 Kc6 
63. Kd3 Kb5 1/2-1/2

[Event "Saturday 06 January Rapid Engine Tour 12+1 Rounds 9 Starts 1600 ST"]
[Site "Infinity Chess"]
[Date "2018.1.6"]
[Round "2"]
[White "Katzenmaier"]
[Black "Deep_Impact"]
[Result "1/2-1/2"]
[ECO "C25"]
[WhiteElo "2489"]
[BlackElo "2490"]
[WhiteEngine "S_XPrO.251117.x64.POPCNT_CTG"]
[BlackEngine "BrainFish_171226_x64_modern"]
[EventType "Swiss"]
[WhiteTeam ""]
[BlackTeam ""]
[PlyCount "105"]
[TimeControl "720+1"]

1. e4 e5 2. Nc3 Nc6 3. g3 g6 4. d3 Bg7 5. Bg2 d6 6. h4 Nf6 7. Bg5 h6 
8. Bxf6 Qxf6 9. Nd5 Qd8 10. h5 O-O 11. Ne3 a5 12. a4 Nb4 13. Nf3 Bd7 14. c3 Na6 
15. O-O Kh7 16. Re1 Nc5 17. d4 exd4 18. Nxd4 Rb8 19. Qc2 Qg5 20. Nd5 Qxh5 
21. Nxc7 Ne6 22. Ncxe6 fxe6 23. Rad1 Rf7 24. Rd2 Rbf8 25. Qd3 Qc5 26. Re3 Bxd4 
27. Qxd4 Qxd4 28. cxd4 Rc8 29. e5 Rc1+ 30. Kh2 d5 31. Bxd5 exd5 32. e6 Bxe6 
33. Rxe6 Rc6 34. Re8 Rd7 35. Ra8 b6 36. Kh3 Rdc7 37. b3 h5 38. Rd8 Rc2 
39. Rxc2 Rxc2 40. Rxd5 Rxf2 41. Rd6 Rd2 42. Rxb6 Rxd4 43. Rb7+ Kg8 44. Rb5 Rd3 
45. Rxa5 Rxb3 46. Rb5 Ra3 47. a5 Kf7 48. Rb7+ Kf8 49. Rb8+ Kf7 50. Kh4 Rxa5 
51. Rb4 g5+ 52. Kxh5 g4+ 53. Kh4 1/2-1/2

[Event "Saturday 06 January Rapid Engine Tour 12+1 Rounds 9 Starts 1600 ST"]
[Site "Infinity Chess"]
[Date "2018.1.6"]
[Round "2"]
[White "Susanne"]
[Black "Harry_Potter"]
[Result "1/2-1/2 "]
[ECO "C50"]
[WhiteElo "2494"]
[BlackElo "2503"]
[WhiteEngine "BrainFish_171226_x64_bmi2_CTG"]
[BlackEngine "stockfish_18010422_x64_bmi2_CTG"]
[EventType "Swiss"]
[WhiteTeam ""]
[BlackTeam ""]
[PlyCount "176"]
[TimeControl "720+1"]

1. e4 e5 2. Nf3 Nc6 3. Bc4 Bc5 4. O-O Nf6 5. d3 d6 6. c3 a5 7. Bg5 Ba7 8. Bh4 h6 
9. Nbd2 Qe7 10. Bb5 O-O 11. Nc4 g5 12. Bg3 Nh5 13. Bxc6 bxc6 14. Nxa5 Qe8 
15. Nc4 f5 16. exf5 Bxf5 17. d4 Be6 18. Ne3 exd4 19. cxd4 Qf7 20. Rc1 Nf4 
21. Rc3 Bd7 22. Ra3 Bb6 23. Rxa8 Rxa8 24. h3 Rxa2 25. Bxf4 Qxf4 26. Nc4 Ra8 
27. Nxb6 cxb6 28. Qb3+ Kg7 29. Qxb6 Rf8 30. Nh2 Bf5 31. Qb3 Qxd4 32. Qb7+ Rf7 
33. Qxc6 Bd3 34. Nf3 Qxb2 35. Rd1 Qb4 36. Qc1 Be2 37. Rd4 Qb6 38. Qc3 Rf6 
39. Ne1 d5 40. Nc2 Qb1+ 41. Kh2 Qb8+ 42. Qg3 Qxg3+ 43. Kxg3 Bc4 44. Ne3 Ba2 
45. f3 Kg6 46. Rd2 Ra6 47. Nxd5 Bxd5 48. Rxd5 Ra4 49. Rd6+ Kg7 50. Rd7+ Kf6 
51. Rd6+ Kg7 52. Re6 h5 53. Re4 h4+ 54. Kg4 Ra2 55. Kxg5 Rxg2+ 56. Kxh4 Kh6 
57. Re6+ Kh7 58. Re8 Kh6 59. Re7 Rg6 60. f4 Rg1 61. Re3 Rh1 62. Kg4 Kg6 
63. Re6+ Kf7 64. Rc6 Kg7 65. Re6 Kf7 66. Rc6 Kg7 67. Rb6 Kh7 68. Rd6 Kg7 
69. Rd8 Kf6 70. Rd6+ Kg7 71. Rc6 Kh7 72. Ra6 Kg7 73. Rd6 Kh7 74. Rd5 Kg6 
75. Rd3 Rg1+ 76. Rg3 Ra1 77. Rg2 Rb1 78. Rg3 Ra1 79. h4 Rb1 80. h5+ Kh6 
81. Ra3 Rg1+ 82. Kf5 Rd1 83. Rh3 Rd5+ 84. Kg4 Rd2 85. Rh1 Rg2+ 86. Kf3 Rg8 
87. Ke4 Re8+ 88. Kd3 Rd8+ 1/2-1/2

[Event "Saturday 06 January Rapid Engine Tour 12+1 Rounds 9 Starts 1600 ST"]
[Site "Infinity Chess"]
[Date "2018.1.6"]
[Round "2"]
[White "OlivierEvan"]
[Black "xeonrocks"]
[Result "1/2-1/2"]
[ECO "D00"]
[WhiteElo "2415"]
[BlackElo "2488"]
[WhiteEngine "Houdini 6"]
[BlackEngine "asmFishW_CTG"]
[EventType "Swiss"]
[WhiteTeam ""]
[BlackTeam ""]
[PlyCount "150"]
[TimeControl "720+1"]

1. d4 d5 2. e3 Nf6 3. Nf3 c5 4. Be2 e6 5. c4 cxd4 6. exd4 Be7 7. Nc3 O-O 
8. cxd5 Nxd5 9. O-O Nc6 10. Bd3 b6 11. Be4 Nxc3 12. bxc3 Bb7 13. Bf4 Rc8 
14. Qe2 Na5 15. Bxb7 Nxb7 16. Rac1 Bd6 17. Bxd6 Nxd6 18. c4 h6 19. Rfe1 Rc7 
20. Rc2 Qd7 21. Rec1 Nf5 22. Rd1 Qc8 23. Re1 Rd8 24. Rd1 Qa6 25. h4 Qb7 
26. g3 Qc8 27. h5 Qb7 28. Rc3 Qa8 29. Rc2 Qb7 30. Kh2 a6 31. a3 Rcc8 32. Rd3 b5 
33. c5 Rd5 34. Rcd2 Rcd8 35. Kg1 Ne7 36. Ne5 Nc6 37. Qe4 a5 38. g4 a4 
39. Kg2 Rc8 40. f4 f6 41. Nxc6 Qxc6 42. Qf3 Qd7 43. Qe4 f5 44. gxf5 exf5 
45. Qf3 Kh8 46. Qe2 Kh7 47. Qf3 Kg8 48. Kh3 Re8 49. Rc3 Qc6 50. Kg3 Re4 
51. Rd1 Kf7 52. Re3 Qe6 53. Rxe4 fxe4 54. Qe2 Ke7 55. Kf2 Rd8 56. Qe3 Qd5 
57. Rg1 Qxd4 58. Qxd4 Rxd4 59. Rxg7+ Kf6 60. Rg6+ Kf5 61. Rxh6 Rc4 62. Rh8 Rxc5 
63. Rf8+ Ke6 64. h6 Rh5 65. Rh8 Kf5 66. h7 e3+ 67. Kxe3 Rh3+ 68. Kd2 Kg6 
69. f5+ Kg7 70. Rb8 Kxh7 71. f6 Kg6 72. Rxb5 Kxf6 73. Rb6+ Ke5 74. Rb5+ Kf6 
75. Rb6+ Ke5 1/2-1/2

[Event "Saturday 06 January Rapid Engine Tour 12+1 Rounds 9 Starts 1600 ST"]
[Site "Infinity Chess"]
[Date "2018.1.6"]
[Round "1"]
[White "MarioDeMonti"]
[Black "KillBill2017"]
[Result "1/2-1/2"]
[ECO "B90"]
[WhiteElo "2447"]
[BlackElo "2394"]
[WhiteEngine "stockfish_x64_bmi2_2017_12_26_CTG"]
[BlackEngine "Raubfisch ME262_GTZ16b1_CTG"]
[EventType "Swiss"]
[WhiteTeam ""]
[BlackTeam ""]
[PlyCount "211"]
[TimeControl "720+1"]

1. e4 c5 2. Nf3 d6 3. d4 cxd4 4. Nxd4 Nf6 5. Nc3 a6 6. Be3 e5 7. Nb3 Be6 
8. f3 Be7 9. Qd2 O-O 10. O-O-O b5 11. a3 Nbd7 12. g4 Nb6 13. g5 Nh5 14. Na5 Rc8 
15. Kb1 Qc7 16. h4 g6 17. Rh2 Rfe8 18. Nd5 Nxd5 19. exd5 Bxd5 20. Qxd5 Qxa5 
21. c4 Rb8 22. cxb5 axb5 23. Bc4 Rf8 24. Bb3 Qa8 25. Rc2 Qxd5 26. Rxd5 Rb7 
27. Rd3 Nf4 28. Bxf4 exf4 29. Bd5 Ra7 30. Rb3 Rb8 31. Rc4 bxc4 32. Rxb8+ Kg7 
33. Bxc4 h5 34. gxh6+ Kxh6 35. Bxf7 Kg7 36. Bd5 Bxh4 37. Ka2 Ra5 38. Rb7+ Kh6 
39. Be6 Re5 40. Bg4 Be1 41. a4 Kg5 42. Rb6 d5 43. Rb5 Kf6 44. a5 Bf2 45. a6 g5 
46. Rb8 d4 47. b4 d3 48. Rd8 Re2+ 49. Kb3 Re1 50. Rd6+ Ke7 51. Rxd3 Re3 
52. Bf5 Rxd3+ 53. Bxd3 Kf6 54. Bf1 Be3 55. Kc4 Ke5 56. b5 Ke6 57. Bh3+ Kd6 
58. Bg2 Bb6 59. Bh3 Bf2 60. Kb4 Be3 61. Ka5 Kc7 62. Kb4 Kd6 63. Bg2 Kc7 
64. Bh1 Bd4 65. Kc4 Bf2 66. Kb3 Bg3 67. Kc4 Bf2 68. Bg2 Kd6 69. Kb3 Bb6 
70. Kb4 Be3 71. Ka5 Kc7 72. Bf1 Bd2+ 73. Ka4 Be3 74. Bc4 Bb6 75. Kb4 Kd6 
76. Bf1 Be3 77. Kc4 Ba7 78. Kc3 Kd5 79. Bd3 Bg1 80. Bc4+ Kd6 81. Kd3 Ke5 
82. Bb3 Be3 83. Bc2 Bg1 84. Kc4 Bb6 85. Kb4 Kd6 86. Ba4 Be3 87. Bb3 Kc7 
88. Bf7 Bg1 89. Kb3 Bf2 90. Be6 Bg1 91. Kc3 Bc5 92. Kc4 Kd6 93. Bd5 Be3 
94. Bf7 Bg1 95. Kb3 Bc5 96. Bc4 Bb6 97. Bd3 Be3 98. Bf5 Bg1 99. Bh3 Bf2 
100. Kc3 Bb6 101. Bf1 Kd5 102. Kb2 Kd4 103. Kb3 Kd5 104. Kc2 Kd4 105. Kd2 Ba5+ 
106. Kc1 1/2-1/2

[Event "Saturday 06 January Rapid Engine Tour 12+1 Rounds 9 Starts 1600 ST"]
[Site "Infinity Chess"]
[Date "2018.1.6"]
[Round "1"]
[White "OlivierEvan"]
[Black "ocirema"]
[Result "1-0"]
[ECO "D00"]
[WhiteElo "2397"]
[BlackElo "2449"]
[WhiteEngine "Houdini 6"]
[BlackEngine "Stockfish_18010423_720_x64_modern_BYO_RW_CTG"]
[EventType "Swiss"]
[WhiteTeam ""]
[BlackTeam ""]
[PlyCount "128"]
[TimeControl "720+1"]

1. d4 d5 2. e3 Nf6 3. Nf3 c5 4. Be2 e6 5. c4 cxd4 6. exd4 Be7 7. b3 Nc6 
8. O-O b6 9. Bb2 O-O 10. Nbd2 Bb7 11. a3 Rc8 12. Rc1 dxc4 13. bxc4 Qc7 
14. Re1 Rfd8 15. Bf1 Ng4 16. h3 Nf6 17. Qe2 Bf8 18. g3 h6 19. Bg2 Na5 
20. Qe3 Be7 21. Bf1 Nd7 22. Rc2 Nf6 23. Bd3 Bd6 24. Kh2 Re8 25. Rcc1 Qd7 
26. Red1 Rcd8 27. Bb1 Qa4 28. Nh4 Qd7 29. Qe2 Bf8 30. f4 g6 31. Nhf3 Bg7 
32. Ne5 Qc7 33. Re1 Rc8 34. d5 exd5 35. cxd5 Qd8 36. Rcd1 Qd6 37. Ne4 Nxe4 
38. Bxe4 a6 39. h4 b5 40. Bg2 f6 41. Bh3 Nc4 42. Be6+ Rxe6 43. dxe6 Qxe6 
44. Nxg6 Qxe2+ 45. Rxe2 Bf3 46. Ne7+ Kh7 47. Nxc8 Bxe2 48. Re1 Bg4 49. Bc3 Bxc8 
50. Re7 Kg6 51. h5+ Kxh5 52. Rc7 Bg4 53. Rxg7 Nxa3 54. Ra7 Bc8 55. Ra8 Bb7 
56. Rf8 Nc4 57. Rxf6 Bc8 58. Rc6 Bb7 59. Rc5+ Kg4 60. f5 Be4 61. f6 Nd6 
62. Rc7 Bg6 63. Ra7 Nf7 64. Rxa6 Bd3 1-0

[Event "Saturday 06 January Rapid Engine Tour 12+1 Rounds 9 Starts 1600 ST"]
[Site "Infinity Chess"]
[Date "2018.1.6"]
[Round "1"]
[White "Marsell"]
[Black "angriff"]
[Result "1/2-1/2"]
[ECO "B00"]
[WhiteElo "2455"]
[BlackElo "2403"]
[WhiteEngine "asmFishW_2017-12-07_popcnt"]
[BlackEngine "SF_64BIT_POPCNT_CTG"]
[EventType "Swiss"]
[WhiteTeam ""]
[BlackTeam ""]
[PlyCount "72"]
[TimeControl "720+1"]

1. e4 Nc6 2. d4 d5 3. e5 Bf5 4. c3 e6 5. Nd2 f6 6. f4 g5 7. Qh5+ Bg6 8. Qh3 Qd7 
9. Ngf3 gxf4 10. Nb3 Bf5 11. Qh5+ Bg6 12. Qh4 Be7 13. Qf2 a6 14. Bxf4 fxe5 
15. Nxe5 Nxe5 16. dxe5 h5 17. Qe3 Bf8 18. Be2 Nh6 19. Bg5 Nf5 20. Qf2 b6 
21. O-O Be7 22. Bxe7 Qxe7 23. a4 O-O 24. a5 bxa5 25. Rxa5 Rab8 26. Nc5 Nh4 
27. Bf3 Nxf3+ 28. gxf3 Kh7 29. Kh1 Bf5 30. Rxa6 Bg4 31. Qe2 Bh3 32. f4 Bg4 
33. Qc2+ Bf5 34. Qe2 Bg4 35. Qc2+ Bf5 36. Qe2 Bg4 1/2-1/2

[Event "Saturday 06 January Rapid Engine Tour 12+1 Rounds 9 Starts 1600 ST"]
[Site "Infinity Chess"]
[Date "2018.1.6"]
[Round "1"]
[White "neófito"]
[Black "Eman"]
[Result "1/2-1/2"]
[ECO "D31"]
[WhiteElo "2412"]
[BlackElo "2459"]
[WhiteEngine "Raubfisch X37b1_CTG"]
[BlackEngine "Eman 1.60 64-bit POPCNT"]
[EventType "Swiss"]
[WhiteTeam ""]
[BlackTeam ""]
[PlyCount "123"]
[TimeControl "720+1"]

1. d4 d5 2. c4 e6 3. Nc3 c6 4. Nf3 Nf6 5. e3 Nbd7 6. Qc2 Bd6 7. Be2 O-O 
8. O-O b6 9. b3 Bb7 10. Bb2 Qe7 11. Rfe1 h6 12. e4 dxe4 13. Nxe4 Nxe4 
14. Qxe4 Ba3 15. Bc3 Rfd8 16. Bd3 Nf6 17. Qe3 a5 18. Re2 a4 19. Rd1 axb3 
20. axb3 Bb4 21. Bb2 Ba3 22. Bxa3 Qxa3 23. Ne5 Qe7 24. Bc2 c5 25. h3 Qc7 
26. Red2 Rd6 27. Kh1 Rad8 28. Rd3 Ne4 29. Kg1 cxd4 30. Rxd4 Rxd4 31. Rxd4 Rxd4 
32. Qxd4 Qd6 33. Qxd6 Nxd6 34. Nd3 Kf8 35. f3 Ke7 36. Kf2 g5 37. c5 bxc5 
38. Nxc5 Bd5 39. b4 Nc4 40. g3 Kd6 41. f4 gxf4 42. gxf4 f5 43. h4 Nd2 
44. Bd3 Nf3 45. h5 Nd4 46. Ke3 Nc6 47. Na6 Ne7 48. b5 Bb7 49. Bc4 Be4 
50. Kd4 Bf3 51. Nc5 Bxh5 52. Nxe6 Bg6 53. b6 Bf7 54. Bd5 Bxe6 55. b7 Kc7 
56. b8=Q+ Kxb8 57. Bxe6 Kc7 58. Ke5 h5 59. Bxf5 h4 60. Bg4 Kd8 61. Kf6 Nd5+ 
62. Kg5 1/2-1/2

[Event "Saturday 06 January Rapid Engine Tour 12+1 Rounds 9 Starts 1600 ST"]
[Site "Infinity Chess"]
[Date "2018.1.6"]
[Round "1"]
[White "xeonrocks"]
[Black "hafaba"]
[Result "1-0"]
[ECO "B00"]
[WhiteElo "2474"]
[BlackElo "2413"]
[WhiteEngine "asmFishW_CTG"]
[BlackEngine "SF SL 03012018 POPCNT_CTG"]
[EventType "Swiss"]
[WhiteTeam ""]
[BlackTeam ""]
[PlyCount "167"]
[TimeControl "720+1"]

1. e4 Nc6 2. d4 d5 3. e5 Bf5 4. c3 e6 5. Ne2 f6 6. f4 Bg6 7. Ng3 h5 8. Bd3 Bxd3 
9. Qxd3 Qd7 10. Nd2 h4 11. Ne2 O-O-O 12. b4 Nce7 13. Nb3 Nf5 14. Bd2 Ngh6 
15. O-O Nf7 16. a4 Kb8 17. Nec1 g5 18. exf6 g4 19. Re1 g3 20. h3 Rh6 
21. Nc5 Bxc5 22. dxc5 Rxf6 23. b5 Ka8 24. Nb3 c6 25. Rab1 Re8 26. c4 Nd8 
27. Bc3 Rf7 28. Be5 Ref8 29. Rbd1 Qc8 30. Nd4 Nxd4 31. Qxd4 Qd7 32. Qc3 Qc8 
33. a5 Rg8 34. b6 a6 35. Bf6 Rh7 36. Qe5 Qb8 37. cxd5 cxd5 38. Bxd8 Rxd8 
39. Qxe6 Qxf4 40. Rxd5 Rhh8 41. Rxd8+ Rxd8 42. c6 bxc6 43. Qxc6+ Kb8 44. Kh1 Qe5 
45. Qc1 Qd6 46. Qc4 Kb7 47. Qxh4 Rd7 48. Qg4 Qd3 49. Rc1 Rd8 50. Qg7+ Rd7 
51. Qxd7+ Qxd7 52. Rc7+ Qxc7 53. bxc7 Kxc7 54. h4 Kd6 55. h5 Ke5 56. h6 Kf6 
57. h7 Kg7 58. h8=Q+ Kxh8 59. Kg1 Kg7 60. Kf1 Kf6 61. Ke2 Kg5 62. Kf3 Kh4 
63. Kf4 Kh5 64. Kxg3 Kg6 65. Kf4 Kf6 66. g4 Kg7 67. Ke4 Kf6 68. Kd5 Kf7 
69. Kc6 Ke6 70. g5 Ke5 71. Kb6 Kd6 72. Kxa6 Ke5 73. Kb5 Ke6 74. a6 Kf5 
75. Kc4 Kxg5 76. a7 Kf4 77. Kd4 Kg5 78. a8=Q Kf5 79. Qc6 Kf4 80. Qf6+ Kg4 
81. Ke3 Kh5 82. Qg7 Kh4 83. Kf4 Kh5 84. Qg5# 1-0

[Event "Saturday 06 January Rapid Engine Tour 12+1 Rounds 9 Starts 1600 ST"]
[Site "Infinity Chess"]
[Date "2018.1.6"]
[Round "1"]
[White "Satria_Ungu"]
[Black "SkyPilot"]
[Result "1/2-1/2"]
[ECO "A06"]
[WhiteElo "2413"]
[BlackElo "2476"]
[WhiteEngine "Houdini 6_CTG"]
[BlackEngine "stockfish_x64_bmi2_2018_01_01_CTG"]
[EventType "Swiss"]
[WhiteTeam ""]
[BlackTeam ""]
[PlyCount "107"]
[TimeControl "720+1"]

1. Nf3 d5 2. d4 Nf6 3. Bf4 c5 4. e3 Nc6 5. Nbd2 e6 6. c3 cxd4 7. cxd4 Qb6 
8. h3 Qxb2 9. a4 Ne4 10. Rb1 Qc3 11. Bb5 Nxd2 12. Nxd2 Bb4 13. Ke2 Bd7 
14. Nf3 Qa3 15. Ra1 Qb2+ 16. Kf1 Be7 17. Bc7 a6 18. Bxc6 bxc6 19. Rb1 Qa3 
20. Ne5 c5 21. Nxd7 Kxd7 22. Be5 Rhc8 23. Kg1 cxd4 24. exd4 Bd6 25. Qh5 Bxe5 
26. Qxe5 f6 27. Qh5 Rab8 28. Kh2 h6 29. Rhe1 Rxb1 30. Rxb1 Qe7 31. Qe2 Qd6+ 
32. g3 Rc4 33. Rb7+ Rc7 34. Rb2 Qc6 35. Qg4 Kd6 36. Kg2 Rb7 37. Re2 Qd7 
38. a5 e5 39. dxe5+ fxe5 40. Qf3 d4 41. Rc2 Rc7 42. Rb2 Ke7 43. Rb6 d3 
44. Kh2 d2 45. Qa3+ Ke8 46. Qb3 d1=Q 47. Qg8+ Ke7 48. Qxg7+ Ke8 49. Qh8+ Ke7 
50. Qh7+ Kd8 51. Qg8+ Ke7 52. Qg7+ Ke8 53. Qg8+ Ke7 54. Qg7+ 1/2-1/2

[Event "Saturday 06 January Rapid Engine Tour 12+1 Rounds 9 Starts 1600 ST"]
[Site "Infinity Chess"]
[Date "2018.1.6"]
[Round "1"]
[White "incredible"]
[Black "NINJA_JENGKA"]
[Result "1/2-1/2"]
[ECO "C65"]
[WhiteElo "2488"]
[BlackElo "2414"]
[WhiteEngine "stockfish_18010422_x64_bmi2"]
[BlackEngine "Houdini 6_CTG"]
[EventType "Swiss"]
[WhiteTeam ""]
[BlackTeam ""]
[PlyCount "150"]
[TimeControl "720+1"]

1. e4 e5 2. Nf3 Nc6 3. Bb5 Nf6 4. O-O Bc5 5. Nc3 O-O 6. Nxe5 Nxe5 7. d4 a6 
8. Be2 Bd6 9. f4 Nc6 10. e5 Bb4 11. exf6 Qxf6 12. a3 Bxc3 13. bxc3 Re8 14. f5 b5 
15. Bf4 Bb7 16. Qd2 h6 17. Bd3 d6 18. Qf2 Na5 19. g4 Qd8 20. Qg3 Nc4 21. Rf2 f6 
22. h4 Kh8 23. g5 Re7 24. Kh2 Qg8 25. gxh6 gxh6 26. Qg6 Qxg6 27. fxg6 Kg7 
28. h5 Bd5 29. a4 bxa4 30. Rxa4 Nb2 31. Ra1 a5 32. Rb1 Nc4 33. Rff1 a4 
34. Rb5 c6 35. Rb4 Ne3 36. Ra1 c5 37. Bxd6 cxb4 38. Bxe7 b3 39. cxb3 axb3 
40. Rxa8 Bxa8 41. Kg3 b2 42. c4 Nxc4 43. Bb4 Bd5 44. Bc3 Bh1 45. Kg4 Ne3+ 
46. Kg3 Nc4 47. Kg4 Bb7 48. Kf4 Bg2 49. Bf5 Bd5 50. Bd3 Bg2 51. Kg3 Bf1 
52. Be4 Nd6 53. Bc2 Nc4 54. d5 Na3 55. Be4 b1=Q 56. Bxb1 Nxb1 57. Bb4 Be2 
58. d6 Bb5 59. Kf4 Bd7 60. Ke4 Be8 61. Kd5 Bd7 62. Be1 Na3 63. Bd2 Bg4 
64. Kc5 Be6 65. Bb4 Nc4 66. d7 Bxd7 67. Kxc4 Bg4 68. Kd4 Bxh5 69. Ke4 f5+ 
70. Kd3 f4 71. Kd2 Kf6 72. g7 Kxg7 73. Ke1 Bg4 74. Bd2 f3 75. Bf4 h5 1/2-1/2

[Event "Saturday 06 January Rapid Engine Tour 12+1 Rounds 9 Starts 1600 ST"]
[Site "Infinity Chess"]
[Date "2018.1.6"]
[Round "1"]
[White "KULLANI"]
[Black "Katzenmaier"]
[Result "1/2-1/2"]
[ECO "C50"]
[WhiteElo "2436"]
[BlackElo "2491"]
[WhiteEngine "Raubfisch ME262_GTZ16b1._CTG"]
[BlackEngine "S_XPrO.251117.x64.POPCNT_CTG"]
[EventType "Swiss"]
[WhiteTeam ""]
[BlackTeam ""]
[PlyCount "221"]
[TimeControl "720+1"]

1. e4 e5 2. Nf3 Nc6 3. Bc4 Bc5 4. O-O Nf6 5. d3 O-O 6. c3 d6 7. Bg5 a5 8. a4 h6 
9. Bh4 g5 10. Bg3 Kg7 11. Nbd2 Ba7 12. Re1 Ng8 13. h3 Nge7 14. Ra3 Ng6 
15. Rb3 h5 16. Nf1 Rh8 17. Qd2 g4 18. hxg4 hxg4 19. N3h2 Qf6 20. Rb5 Nf4 
21. d4 Nh5 22. Bd5 Bb6 23. Rd1 Qh6 24. Qxh6+ Rxh6 25. Bb3 Rb8 26. dxe5 Nxg3 
27. Nxg3 Nxe5 28. Nhf1 Kf8 29. Rxb6 cxb6 30. Ne3 Rg6 31. Rd4 Be6 32. Bd5 Ke8 
33. Ngf5 Kd7 34. Kf1 Kc7 35. Bxe6 fxe6 36. Nxd6 Rf8 37. Ndc4 Nxc4 38. Rxc4+ Kb8 
39. e5 g3 40. f3 Rg5 41. Re4 Rh5 42. Ke2 Rh1 43. Rg4 Rc8 44. Kd2 Rd8+ 
45. Kc2 Re1 46. Nc4 Re2+ 47. Kb3 Rxg2 48. Nd6 Rf8 49. Nb5 Re2 50. Rxg3 Rxe5 
51. Rg7 Rd5 52. f4 Rc5 53. Re7 Rcc8 54. Rxe6 Rc6 55. Re4 Rcf6 56. Re7 R6f7 
57. Re6 Rxf4 58. Rxb6 R8f6 59. Rxf6 Rxf6 60. Ka3 b6 61. b4 Rh6 62. Kb3 Rh4 
63. Nd6 Rh5 64. Nc4 Kb7 65. Nd6+ Ka6 66. Nc4 Rf5 67. Nd6 Rf6 68. Nc4 Rg6 
69. Ne5 Rg2 70. Nc4 Rg5 71. Nd2 Rg2 72. Nc4 Rf2 73. Nb2 Rf3 74. Nc4 Rf4 
75. Ne5 Re4 76. Nc4 Rf4 77. Nd2 Rf6 78. Ne4 Rf5 79. Nd2 Kb7 80. Nc4 Rh5 
81. Kc2 Rh4 82. Kb3 Ka6 83. Ne5 Rh6 84. Kc2 Ka7 85. Nc4 Rh5 86. Nb2 Rh4 
87. Kb3 Rh3 88. Kc2 Rh7 89. Nc4 Rh2+ 90. Kb3 Ka6 91. Ne3 Rd2 92. Nf5 Ka7 
93. Kc4 Ka6 94. Nd4 Rf2 95. bxa5 Kxa5 96. Kb3 Rf6 97. Ka3 Ka6 98. Kb3 Rh6 
99. Kb4 Rh3 100. Nc2 Rd3 101. Nd4 Ka7 102. Kc4 Rd1 103. Kb4 Rc1 104. Kc4 Ka8 
105. Nb5 Rd1 106. Kb3 Ra1 107. Kb4 Rb1+ 108. Kc4 Ra1 109. Kb4 Rb1+ 110. Ka3 Ra1+ 
111. Kb4 1/2-1/2